 Dungeon Crawl Stone Soup version 0.28.0-53-g5a82cb258f (webtiles) character file.

Game seed: 8543775037828403876

2030 hawla the Arsonist (level 9, 0/70 HPs)
             Began as a Deep Elf Fire Elementalist on June 2, 2022.
             Slain by a wyvern skeleton (4 damage)
             ... on level 7 of the Dungeon.
             The game lasted 00:16:30 (6391 turns).

hawla the Arsonist (Deep Elf Fire Elementalist)     Turns: 6391, Time: 00:16:30

Health: 0/70       AC: 24    Str:  7    XL:     9   Next: 3%
Magic:  15/23      EV:  2    Int: 23    God:
Gold:   313        SH:  0    Dex: 15    Spells: 17/24 levels left

rFire   . . .      SeeInvis .   s - +0 rapier
rCold   . . .      Faith    .   (no shield)
rNeg    . . .      Spirit   .   (armour currently unavailable)
rPois   +          Reflect  .   (helmet currently unavailable)
rElec   .          Harm     .   (cloak currently unavailable)
rCorr   +          Rampage  .   (gloves currently unavailable)
Will    .....      Clarity  +   (boots currently unavailable)
Stlth   +++....... NoTele   +   (no amulet)
HPRegen 0.21/turn               g - ring of resist corrosion
MPRegen 0.18/turn               j - ring of poison resistance

@: tree-form
A: stationary, stasis, torment immunity, boosted hp, (talons 2), clarity
a: no special abilities


You were on level 7 of the Dungeon.
You were a tree.
You visited 1 branch of the dungeon, and saw 7 of its levels.
You also visited: Ossuary.

You collected 313 gold pieces.

Inventory:

Hand Weapons
 s - a +0 rapier (weapon)
Missiles
 e - 3 boomerangs (quivered)
Armour
 a - a +1 robe
 b - a scarf of repulsion (melded)
 r - the +1 leather armour of Wumik (melded) {rF+ Stlth+}
   (You found it on level 6 of the Dungeon)

   rF:        It protects you from fire.
   Stlth:     It makes you more stealthy.
Jewellery
 g - a ring of resist corrosion (left branch)
 j - a ring of poison resistance (right branch)
 o - a +6 ring of dexterity
Wands
 k - a wand of polymorph (8)
 l - a wand of acid (1)
Scrolls
 d - a scroll of blinking
 h - a scroll of immolation {unknown}
 i - a scroll of enchant weapon {unknown}
Potions
 c - a potion of cancellation
 f - a potion of curing
 m - 3 potions of haste {unknown}
 n - a potion of lignification
 q - a potion of brilliance


   Skills:
 + Level 1.0 Fighting
 + Level 0.6 Throwing
 + Level 3.6 Dodging
 + Level 3.8 Stealth
 + Level 8.1 Spellcasting
 + Level 5.1 Conjurations
 + Level 9.8 Fire Magic


You had 17 spell levels left.
You knew the following spells:

 Your Spells              Type           Power      Damage    Failure   Level
a - Foxfire               Conj/Fire      100%       2x1d9     1%          1
b - Scorch                Fire           100%       2d10      1%          2
c - Flame Wave            Conj/Fire      43%        2d9       3%          4

Your spell library contained the following spells:

 Spells                   Type           Power      Damage    Failure   Level
 Conjure Flame            Conj/Fire      43%        6-21      1%          3
 Inner Flame              Hex/Fire       31%        N/A       2%          3
 Sticky Flame             Conj/Fire      43%        2d6       3%          4
 Ignite Poison            Fire/Tmut/Pois 24%        N/A       5%          3


Dungeon Overview and Level Annotations

Branches:
Dungeon (7/15)             Temple (0/1) D:6         Ossuary (visited)

Altars:
Fedhas
Beogh

Annotations:
D:3 4 runed translucent doors, Crazy Yiuf; zoutzakje's ghost, amateur TrBr
D:5 3 runed translucent doors, TheLastMage's ghost, weakling MiBe


Innate Abilities, Weirdness & Mutations

You are a tree.
Your roots penetrate the ground, keeping you stationary.
You cannot be teleported.
You are immune to unholy pain and torment.
Your maximum health is greatly increased.
Your equipment is partially melded.
((You have razor-sharp toenails.))
You possess an exceptional clarity of mind.


Message History

Casting: Flame Wave (dangerous; 4% risk of failure)
Press: ? - help, Dir - look around, f - activate A wave of flame ripples out!
The flame wave engulfs the wyvern skeleton.
The wyvern skeleton is lightly damaged. (Press . to intensify the flame waves.)
The wyvern skeleton misses you.
The centaur shoots an arrow.
The arrow hits you!
* * * LOW HITPOINT WARNING * * *
You feel better. The wyvern skeleton bites you.
* * * LOW HITPOINT WARNING * * *
Really quaff the potion of lignification?
You turn into a tree.
Your scarf of repulsion melds into your body.
The +1 leather armour of Wumik {rF+ Stlth+} melds into your body.
The haze of the repulsion field disappears.
Your roots penetrate the ground.
The centaur shoots an arrow.
The arrow hits you but does no damage. The wyvern skeleton bites you!
* * * LOW HITPOINT WARNING * * *
The wyvern skeleton bites you but does no damage.
Casting: Flame Wave (dangerous; 3% risk of failure)
Confirm with . or Enter, or press ? or * to list all spells.
Casting: Flame Wave (dangerous; 3% risk of failure)
Press: ? - help, Dir - look around, f - activate A wave of flame ripples out!
The flame wave engulfs the wyvern skeleton!
The wyvern skeleton is heavily damaged.
The flame wave engulfs the centaur!!
The centaur is severely wounded. (Press . to intensify the flame waves.)
The wyvern skeleton bites you but does no damage.
A wave of flame ripples out!
The flame wave engulfs the centaur skeleton!!
The centaur skeleton is severely damaged.
The flame wave engulfs the wyvern skeleton!
The wyvern skeleton is severely damaged.
The flame wave engulfs the centaur!
You kill the centaur!
The wyvern skeleton bites you.
You die...

# ..
###.#################
#........##.........#
#Z♣.....######.#
#Z)......# #.##
#........# #..#
#........# ##<#
#.).....## #.#
.....##.## #.#
#.###...## ... #.
#..# #.# #.#


You could see a wyvern skeleton and a centaur skeleton.

Vanquished Creatures
  A two-headed ogre (D:6)
  3 ogres
  A black bear (D:4)
  2 centaurs
  A phantom (D:4)
  3 elf zombies (Ossuary)
  2 scorpions
  A wyvern zombie (D:5)
  A wyvern skeleton (D:4)
  A howler monkey (D:4)
  A bullfrog zombie (D:6)
  2 jellies (D:4)
  2 orc priests (D:6)
  A hound (D:6)
  Terence (D:3)
  An iguana (D:6)
  Natasha (twice) (D:2)
  2 mummies (Ossuary)
  An adder (D:5)
  5 gnolls
  A shadow imp (D:5)
  A white imp (D:5)
  An ufetubus (D:5)
  An adder skeleton (D:4)
  An adder zombie (Ossuary)
  4 orcs
  7 ball pythons
  5 bats
  6 endoplasms
  3 giant cockroaches
  11 goblins
  7 hobgoblins
  9 jackals
  6 kobolds
  6 quokkas
  A frilled lizard (D:1)
  2 goblin zombies (Ossuary)
  10 hobgoblin zombies (Ossuary)
  9 kobold zombies (Ossuary)
  9 orc zombies (Ossuary)
  3 rats
  3 rat zombies (Ossuary)
140 creatures vanquished.

Vanquished Creatures (others)
  282 foxfires
282 creatures vanquished.

Grand Total: 422 creatures vanquished

Notes
Turn   | Place    | Note
-------+----------+-------------------------------------------
     0 | D:1      | hawla the Deep Elf Fire Elementalist began the quest for
                  | the Orb.
     0 | D:1      | Reached XP level 1. HP: 10/10 MP: 6/6
   240 | D:1      | Reached XP level 2. HP: 15/15 MP: 5/8
   271 | D:1      | Reached skill level 4 in Fire Magic
   466 | D:1      | Reached XP level 3. HP: 19/19 MP: 6/9
   469 | D:1      | Learned a level 2 spell: Scorch
  1143 | D:2      | Found a faded altar of an unknown god.
  1459 | D:2      | Noticed Natasha
  1462 | D:2      | Killed Natasha
  1463 | D:2      | Reached XP level 4. HP: 24/24 MP: 8/12
  1468 | D:2      | Learned a level 4 spell: Flame Wave
  1511 | D:2      | Noticed Natasha
  1520 | D:2      | Killed Natasha
  1655 | D:2      | Found a blossoming altar of Fedhas.
  1861 | D:3      | Found a runed translucent gate.
  1861 | D:3      | Found a runed translucent gate.
  1861 | D:3      | Found a runed translucent gate.
  1882 | D:3      | Noticed zoutzakje's ghost (amateur TrBr)
  1897 | D:3      | Noticed Terence
  1902 | D:3      | Killed Terence
  1903 | D:3      | Reached skill level 5 in Fire Magic
  1903 | D:3      | Reached XP level 5. HP: 20/28 MP: 6/13
  2358 | D:3      | Found a runed translucent door.
  2359 | D:3      | Noticed Crazy Yiuf
  2691 | D:4      | Reached skill level 6 in Fire Magic
  2774 | D:4      | Reached XP level 6. HP: 25/32 MP: 5/14
  3156 | D:4      | Reached skill level 7 in Fire Magic
  3160 | D:4      | Reached XP level 7. HP: 26/36 MP: 3/15
  3253 | D:4      | You fall into a shaft and drop 2 floors!
  3390 | D:5      | Entered Level 5 of the Dungeon
  3647 | D:5      | Found a sand-covered staircase.
  3652 | Ossuary  | Entered an ossuary
  3661 | Ossuary  | Reached skill level 8 in Fire Magic
  4147 | Ossuary  | Reached skill level 5 in Spellcasting
  4901 | D:5      | Reached XP level 8. HP: 23/42 MP: 9/18
  5431 | D:5      | Found a runed translucent gate.
  5431 | D:5      | Found a runed translucent gate.
  5433 | D:5      | Found a runed translucent gate.
  5434 | D:5      | Noticed TheLastMage's ghost (weakling MiBe)
  5436 | D:5      | Identified the +0 chain mail of Cowardice {rElec}
  5778 | D:6      | Gained mutation: You have sharp toenails. [potion of
                  | mutation]
  5778 | D:6      | Gained mutation: You possess an exceptional clarity of
                  | mind. [potion of mutation]
  5778 | D:6      | Gained mutation: You have razor-sharp toenails. [potion of
                  | mutation]
  5853 | D:6      | Found a staircase to the Ecumenical Temple.
  5976 | D:6      | Noticed a two-headed ogre
  5979 | D:6      | Reached skill level 9 in Fire Magic
  5984 | D:6      | Killed a two-headed ogre
  5985 | D:6      | Reached skill level 1 in Fighting
  5985 | D:6      | Reached skill level 5 in Conjurations
  5985 | D:6      | Reached XP level 9. HP: 36/47 MP: 8/23
  6249 | D:6      | Identified the +1 leather armour of Wumik {rF+ Stlth+}
  6391 | D:7      | Slain by a wyvern skeleton

Illustrated notes

Levels and vault maps discovered:
D:1:      ebering_hopf_link, layout_basic
D:2:      layout_loops_cross, basic_altar, chequers_ecumenical_altar_simple,
          st_stairs_12, minivault_25, uniq_natasha
D:3:      layout_rooms, ebering_ghost_rock_garden, minmay_crystal_water,
          uniq_crazy_yiuf_cottage, uniq_terence
D:4:      layout_rooms, serial_curves, eino_curves_01, eino_curves_03,
          eino_curves_02
D:5:      layout_basic, enter_ossuary_2, biasface_ghost_orc_armoury
D:6:      layout_rooms, minmay_temple_entry_proselytizer
D:7:      layout_loops_cross, hangedman_abyss_or_decor_jellyfish_corner,
          uniq_menkaure

Skill      XL: |  1  2  3  4  5  6  7  8 |
---------------+-------------------------+-----
Fire Magic     | 4 5 6 7 8 9 |  9.8
Spellcasting   | 4 5 8 |  8.1
Conjurations   | 2 3 4 5 |  5.1
Dodging        | 3 |  3.6
Stealth        | 3 |  3.8
Fighting       | 1 |  1.0
Throwing       | |  0.6

Action                   |  1- 3 |  4- 6 |  7- 9 || total
-------------------------+-------+-------+-------++-------
Melee: Unarmed           |     6 |     4 |    51 ||    61
       Punch             |       |       |     2 ||     2
       Rapier            |       |       |     1 ||     1
       Kick              |       |       |     1 ||     1
Throw: Boomerang         |       |       |     3 ||     3
 Cast: Foxfire           |    49 |    39 |    75 ||   163
       Scorch            |     6 |    20 |    29 ||    55
       Flame Wave        |       |     1 |    11 ||    12
  Use: Scroll            |     2 |     5 |     5 ||    12
       Potion            |       |       |     4 ||     4
 Stab: Sleeping          |       |       |     1 ||     1
Armor: Robe              |     2 |     8 |     6 ||    16
       Skin              |       |       |    44 ||    44
Dodge: Dodged            |     8 |    19 |    48 ||    75
       Repelled          |       |       |     2 ||     2
